 Dungeon Crawl Stone Soup version 0.29.1-2-gbd0b4ee654 (webtiles) character file.

Game seed: 10956704907564408245

490 Descartes the Ducker (level 6, 0/32 HPs)
             Began as a Deep Elf Wanderer on Oct 29, 2022.
             Slain by a vampire mosquito (6 damage)
             ... on level 4 of the Dungeon.
             The game lasted 00:14:40 (5249 turns).

Descartes the Ducker (Deep Elf Wanderer)            Turns: 5249, Time: 00:14:41

Health: 0/32       AC:  4    Str:  7    XL:     6   Next: 90%
Magic:  11/14      EV: 15    Int: 20    God:
Gold:   290        SH:  0    Dex: 15    Spells: 11/13 levels left

rFire   . . .      SeeInvis .   f - staff of conjuration
rCold   . . .      Faith    .   (no shield)
rNeg    . . .      Spirit   .   c - +0 robe
rPois   +          Reflect  .   (no helmet)
rElec   .          Harm     .   w - +0 cloak
rCorr   .          Rampage  .   (no gloves)
Will    .....                   d - +0 pair of boots
Stlth   +.........              p - amulet of regeneration
HPRegen 0.90/turn               q - ring of poison resistance
MPRegen 0.14/turn               u - ring of flight

@: flying
A: no striking features
a: no special abilities


You were on level 4 of the Dungeon.
You visited 1 branch of the dungeon, and saw 5 of its levels.

You collected 290 gold pieces.

Inventory:

Hand Weapons
 a - a +0 dagger
Missiles
 n - 4 boomerangs (quivered)
 o - 8 poisoned darts
Armour
 c - a +0 robe (worn)
 d - a +0 pair of boots (worn)
 w - a +0 cloak (worn)
Magical Staves
 f - a staff of conjuration (weapon)
Jewellery
 h - an amulet of magic regeneration
 p - an amulet of regeneration (around neck)
 q - a ring of poison resistance (left hand)
 s - an amulet of faith
 u - a ring of flight (right hand)
 x - an amulet of the acrobat
Scrolls
 j - a scroll of brand weapon {unknown}
 k - 2 scrolls of magic mapping {unknown}
 m - a scroll of fog {unknown}
 t - 3 scrolls of identify {unknown}
 v - a scroll of vulnerability {unknown}
 y - a scroll of enchant weapon {unknown}
 z - a scroll of immolation {unknown}
Potions
 b - 2 potions of attraction {unknown}
 e - a potion of might {unknown}
 g - 2 potions of curing {unknown}
 i - 2 potions of haste {unknown}
 l - a potion of lignification


   Skills:
 + Level 6.1 Dodging
 + Level 4.4 Spellcasting
 + Level 3.2 Conjurations
 + Level 4.0 Summonings
 + Level 4.4 Air Magic


You had 11 spell levels left.
You knew the following spells:

 Your Spells              Type           Power      Damage    Failure   Level
a - Shock                 Conj/Air       100%       1d9       2%          1
b - Summon Small Mammal   Summ           80%        N/A       2%          1

Your spell library contained the following spells:

 Spells                   Type           Power      Damage    Failure   Level
 Poisonous Vapours        Pois/Air       26%        N/A       8%          2
 Beastly Appendage        Tmut           8%         N/A       12%         1
 Summon Guardian Golem    Hex/Summ       12%        N/A       16%         3
 Wereblood                Tmut           4%         N/A       19%         2
 Summon Lightning Spire   Summ/Air       21%        N/A       22%         4
 Spider Form              Tmut/Pois      4%         N/A       36%         3


Dungeon Overview and Level Annotations

Branches:
Dungeon (5/15)
 Temple: D:4-7

Altars:
Makhleb
Vehumet
Wu Jian

Annotations:
D:3 Grinder


Message History

Casting: Shock (safe; 2% risk of failure)
Confirm with . or Enter, or press ? or * to list all spells.
The vampire mosquito closely misses you.
The vampire mosquito barely misses you.
Casting: Summon Small Mammal (safe; 2% risk of failure)
Confirm with . or Enter, or press ? or * to list all spells.
The vampire mosquito bites you.
The vampire mosquito draws strength from your injuries!
The vampire mosquito misses you.
Casting: Summon Small Mammal (safe; 2% risk of failure)
Confirm with . or Enter, or press ? or * to list all spells.
Aiming: Shock (safe; 2% risk of failure)
Press: ? - help, Shift-Dir - straight line, f - vampire mosquito
Aim: a vampire mosquito (ally target, 57% to hit)
You feel a surge of power!
The zap hits the vampire mosquito.
The vampire mosquito is lightly damaged.
The vampire mosquito barely misses you.
Your quokka closely misses the vampire mosquito.
The vampire mosquito bites you!
The vampire mosquito draws strength from your injuries!
The vampire mosquito barely misses you.
Your quokka barely misses the vampire mosquito.
The vampire mosquito misses you.
Your rat misses the vampire mosquito.
The vampire mosquito attacks as you move away!
The vampire mosquito closely misses you.
Your quokka misses the vampire mosquito.
The vampire mosquito bites you!
The vampire mosquito draws strength from your injuries!
You see here a +0 club.
Your quokka closely misses the vampire mosquito. x2
Aiming: Throw Flame
Press: ? - help, Shift-Dir - straight line, f/p - vampire mosquito
Aim: a vampire mosquito (ally target, 48% to hit)
The puff of flame hits the vampire mosquito.
The vampire mosquito is lightly damaged.
The now-empty wand crumbles to dust.
The vampire mosquito bites you.
* * * LOW HITPOINT WARNING * * *
The vampire mosquito draws strength from your injuries!
The vampire mosquito bites you.
You die...

######### #.......#
#.......# #.......#
#.......# ####...)...#
.##........#
.##........##########
.)...))....'....@yr>######
.##........#####..r......#
.##.#..........#.##.####.#
.##.#.##.......#.##.# #.#
###[#..........#.##.# #.#
# #.####.#####.#.##.# #.#
# #............#.##.# #.#
########.#######.##.# #.#
..##...#.# #.##.####.#


You could see a vampire mosquito (ally target), a friendly quokka (summoned) and
a friendly rat (summoned).

Vanquished Creatures
  The ghost of beigtais the Shooter, an amateur SpHu (D:4)
  A crimson imp (D:4)
  A jelly (D:4)
  An orc priest (D:4)
  4 adders
  An ufetubus (D:4)
  4 orcs (D:4)
  2 endoplasms
  4 giant cockroaches
  11 goblins
  5 hobgoblins
  5 jackals
  7 kobolds
  4 quokkas
  8 ball pythons
  A bat (D:1)
  5 frilled lizards
  5 rats
70 creatures vanquished.

Vanquished Creatures (collateral kills)
  A phantom (D:4)
  A necrophage (D:4)
  A dart slug (D:4)
  A goblin (D:2)
4 creatures vanquished.

Grand Total: 74 creatures vanquished

Notes
Turn   | Place    | Note
-------+----------+-------------------------------------------
     0 | D:1      | Descartes the Deep Elf Wanderer began the quest for the
                  | Orb.
     0 | D:1      | Descartes set off with the following items: a +0 dagger, a
                  | potion of lignification, a +0 robe, a +0 pair of boots; and
                  | the following spells available to memorise: Summon Small
                  | Mammal, Shock, Poisonous Vapours, Summon Guardian Golem,
                  | Summon Lightning Spire.
     0 | D:1      | Reached XP level 1. HP: 10/10 MP: 5/5
     2 | D:1      | Learned a level 1 spell: Shock
     4 | D:1      | Learned a level 1 spell: Summon Small Mammal
   363 | D:1      | Reached XP level 2. HP: 15/15 MP: 1/6
   550 | D:1      | Reached skill level 5 in Dodging
   974 | D:1      | Reached skill level 1 in Conjurations
  1318 | D:2      | Reached XP level 3. HP: 11/19 MP: 3/8
  2124 | D:2      | You fall into a shaft and drop 2 floors!
  2386 | D:4      | Noticed a phantom
  2479 | D:4      | Killed a phantom
  2480 | D:4      | Reached XP level 4. HP: 11/24 MP: 7/10
  2666 | D:4      | Noticed a necrophage
  2701 | D:4      | Killed a necrophage
  2702 | D:4      | Reached XP level 5. HP: 15/28 MP: 10/12
  3072 | D:4      | Found a runed translucent door.
  3077 | D:4      | Noticed beigtais's ghost (amateur SpHu)
  3087 | D:4      | Killed beigtais's ghost
  3088 | D:4      | Reached XP level 6. HP: 24/32 MP: 8/14
  3212 | D:4      | Found an ornate altar of the Wu Jian Council.
  3295 | D:4      | Reached skill level 6 in Dodging
  3715 | D:4      | Found a radiant altar of Vehumet.
  3715 | D:4      | Found a burning altar of Makhleb.
  4445 | D:3      | Noticed Grinder
  5050 | D:3      | Found a faded altar of an unknown god.
  5138 | D:5      | Entered Level 5 of the Dungeon
  5235 | D:5      | Noticed a vampire mosquito
  5235 | D:5      | Noticed a vampire mosquito
  5249 | D:4      | Slain by a vampire mosquito

Illustrated notes

Levels and vault maps discovered:
D:1:      ncdulo_halloftheorcs, layout_basic
D:2:      kennysheep_the_goblin_king, layout_basic,
          nicolae_concentric_dashed_squares_mild
D:3:      layout_basic, ebering_ecumenical_altar_hall, uniq_grinder
D:4:      layout_basic, nicolae_wu_jian_wuxing_cycle,
          grunt_temple_overflow_lords_of_destruction,
          ebering_ghost_reflecting_pool
D:5:      layout_rooms, marbit_many_paths, minmay_temple_entry_tees,
          serial_rivers, chequers_serial_rivers_small_a,
          chequers_serial_rivers_room_b, chequers_serial_rivers_micro_b,
          chequers_serial_rivers_micro_e, minivault_25, dreamdust_wishing_well,
          feat_on_display

Skill      XL: |  1  2  3  4  5  6 |
---------------+-------------------+-----
Dodging        | 5 6 |  6.1
Spellcasting   | 2 3 4 |  4.4
Conjurations   | 1 2 3 |  3.2
Summonings     | 3 4 |  4.0
Air Magic      | 4 |  4.4

Action                   |  1- 3 |  4- 6 || total
-------------------------+-------+-------++-------
Melee: Dagger            |    23 |       ||    23
       Staff             |    10 |     1 ||    11
 Cast: Shock             |    75 |    79 ||   154
       Summon Small Mamm |    16 |    20 ||    36
Evoke: Wand              |       |     1 ||     1
  Use: Potion            |     2 |       ||     2
 Stab: Sleeping          |       |     1 ||     1
Armor: Skin              |    16 |       ||    16
       Robe              |     8 |     7 ||    15
Dodge: Dodged            |    30 |    26 ||    56
